 Dungeon Crawl Stone Soup version 0.23-a0-577-g2b1de94 (webtiles) character file.

2160 Lanoc the Skirmisher (level 9, -3/71 HPs)
             Began as a Demonspawn Chaos Knight on Dec 15, 2018.
             Was a Plaything of Xom.
             Slain by a wyvern (15 damage)
             ... on level 8 of the Dungeon.
             The game lasted 00:20:05 (5470 turns).

Lanoc the Skirmisher (Demonspawn Chaos Knight)      Turns: 5470, Time: 00:20:06

Health: -3/71      AC:  6    Str: 15      XL:     9   Next: 10%
Magic:  9/9        EV: 17    Int: 13 (14) God:    Xom [*.....]
Gold:   333        SH:  0    Dex: 10 (13) Spells: 8/8 levels left

rFire    . . .     SeeInvis .     - Unarmed
rCold    . . .     Gourm    +   (no shield)
rNeg     + + .     Faith    .   w - +0 robe "Heuny" {rPois rN+ Regen+}
rPois    +         Spirit   .   (helmet restricted)
rElec    .         Reflect  .   (no cloak)
rCorr    .         Harm     .   (no gloves)
MR       .....                  (no boots)
Stlth    +.........             o - amulet of the gourmand
HPRegen  0.61/turn              k - +4 ring of protection
MPRegen  0.11/turn              u - ring of positive energy

@: no status effects
A: claws 1, horns 1, repulsion field 2, deterioration 1, mutation resistance 1,
powered by death 1, MP-powered wands
a: Renounce Religion


You were on level 8 of the Dungeon.
You worshipped Xom.
You were a special plaything of Xom.
You were completely stuffed.

You visited 1 branch of the dungeon, and saw 8 of its levels.
You also visited: Ossuary.

You collected 333 gold pieces.

Inventory:

Hand Weapons
 p - the +1 hunting sling "Aseumy" {chaos, rElec rF+ rC- Stlth+}
   (Xom gifted it to you on level 4 of the Dungeon)

   Each projectile launched from it has a different, random effect.
   It protects you from fire.
   It makes you vulnerable to cold.
   It insulates you from electricity.
   It makes you more stealthy.
Missiles
 v - 43 sling bullets
Armour
 a - a +2 leather armour
 t - a +2 helmet
 w - the +0 robe "Heuny" (worn) {rPois rN+ Regen+}
   (You found it on level 5 of the Dungeon)

   It protects you from poison.
   It protects you from negative energy.
   It increases your rate of regeneration.
 B - +0 acid dragon scales
Jewellery
 k - a +4 ring of protection (left claw)
 o - an amulet of the gourmand (around neck)
 u - a ring of positive energy (right claw)
 D - an uncursed ring of see invisible
Wands
 i - a wand of acid (8)
 j - a wand of flame (26)
 r - a wand of random effects (1)
 y - a wand of enslavement (8)
Scrolls
 d - 5 scrolls of fog
 e - 4 scrolls of teleportation
 g - 3 scrolls of magic mapping
 h - 10 scrolls of remove curse
 l - 2 scrolls of enchant armour
 m - a scroll of enchant weapon
 n - 2 scrolls of fear
 q - a scroll of immolation
 x - a scroll of identify
Potions
 c - 3 potions of brilliance
 f - 2 potions of lignification
 z - a potion of resistance
 A - 3 potions of curing
 C - 2 potions of flight
 F - a potion of haste
Comestibles
 b - 7 rations
 s - 10 chunks of flesh


   Skills:
 * Level 6.8 Fighting
 * Level 2.9 Slings
 + Level 5.7 Armour
 * Level 5.5 Dodging
 * Level 5.1 Unarmed Combat


You had 8 spell levels left.
You didn't know any spells.
Your spell library contained the following spells:

 Spells                   Type           Power        Failure   Level  Hunger
 Magic Dart               Conj           #...         30%         1    ##.....
 Blink                    Tloc           N/A          43%         2    ###....
 Call Imp                 Summ           #.......     43%         2    ###....
 Slow                     Hex            #.......     43%         2    ###....
 Conjure Flame            Conj/Fire      #.......     67%         3    ####...
 Mephitic Cloud           Conj/Pois/Air  #.......     67%         3    ####...


Dungeon Overview and Level Annotations

Branches:
Dungeon (8/15)
 Temple: D:4-7         Lair: D:8-11

Altars:
Sif Muna
Xom
The Shining One

Shops:
D:7 *


Innate Abilities, Weirdness & Mutations

You have sharp fingernails.
You are surrounded by a moderate repulsion field. (EV +3)
You regenerate a little health from kills.
You have a pair of small horns on your head.
Your body sometimes deteriorates upon taking damage.
You are somewhat resistant to further mutation.
You expend magic power (3 MP) to strengthen your wands.


Message History

The wyvern is moderately wounded.
The wyvern bites you.
* * * LOW HITPOINT WARNING * * *
You scratch the wyvern but do no damage.
The wyvern is moderately wounded.
The wyvern closely misses you.
You scratch the wyvern.
The wyvern is moderately wounded.
The wyvern bites you!
* * * LOW HITPOINT WARNING * * *
The wyvern completely misses you.
You scratch the wyvern but do no damage.
The wyvern is moderately wounded.
The wyvern barely misses you.
You closely miss the wyvern.
You headbutt the wyvern, but do no damage.
The wyvern is moderately wounded.
The wyvern bites you!
You die...
Xom roars with laughter!

#############
###........÷...
#
#....§##.######
##.####......#.#
#
#.bb@l......##.#
#
#.[####..?..##.#
# #. #.....##.#
# # ###..###.# #
#..# #.# #
#......# #
.....# ## ......
##.
........####..


You could see a wyvern.

Vanquished Creatures
  A cyclops (D:8)
  2 wraiths (Ossuary)
  An orc warrior (D:7)
  A black bear (D:6)
  An ogre (D:8)
  The ghost of mopl the Chopper, an amateur DsFi (D:3)
  A bullfrog (D:6)
  A scorpion (D:4)
  2 wights (Ossuary)
  3 howler monkeys (D:7)
  A bullfrog zombie (D:5)
  A crimson imp (D:6)
  A bullfrog skeleton (D:3)
  2 hounds
  A jelly (D:7)
  An orc priest (D:7)
  3 orc wizards
  An iguana (D:5)
  Terence (D:2)
  2 worker ants (D:4)
  2 hound zombies
  Robin (D:3)
  7 gnolls
  9 adders
  4 shadow imps
  2 oozes
  4 adder zombies
  2 adder skeletons
  4 dart slugs
  4 leopard geckos
  16 orcs
  2 giant cockroaches
  12 goblins
  7 hobgoblins
  7 jackals
  2 quokkas
  A ball python (D:4)
  6 bats
  9 frilled lizards
  4 hobgoblin zombies (Ossuary)
  5 kobolds
  A quokka zombie (D:7)
  5 rats
144 creatures vanquished.

Vanquished Creatures (collateral kills)
  A water moccasin skeleton (D:3)
  A jelly (D:5)
  A centaur skeleton (D:5)
  A quokka skeleton (D:3)
4 creatures vanquished.

Vanquished Creatures (others)
  A scorpion (D:7)
  A crimson imp (D:7)
2 creatures vanquished.

Grand Total: 150 creatures vanquished

Notes
Turn   | Place    | Note
-------+----------+-------------------------------------------
     0 | D:1      | Lanoc the Demonspawn Chaos Knight began the quest for the
                  | Orb.
     0 | D:1      | Reached XP level 1. HP: 18/18 MP: 1/1
    77 | D:1      | Reached skill level 1 in Dodging
   196 | D:1      | XOM: smoke on damage
   203 | D:1      | XOM: divination: magic mapping
   204 | D:1      | Gained mutation: You regenerate a little health from kills.
                  | [demonic ancestry]
   204 | D:1      | Reached XP level 2. HP: 10/24 MP: 2/2
   265 | D:1      | XOM: enchant monster (bad)
   269 | D:1      | Found a deep blue altar of Sif Muna.
   411 | D:1      | XOM: butterfly on damage
   468 | D:1      | XOM: harmless Tmut miscast
   696 | D:2      | Reached XP level 3. HP: 22/29 MP: 3/3
   958 | D:2      | Noticed Terence
  1000 | D:2      | Killed Terence
  1000 | D:2      | Gained mutation: You are surrounded by a mild repulsion
                  | field. (EV +2) [demonic ancestry]
  1000 | D:2      | Reached XP level 4. HP: 16/37 MP: 4/4
  1186 | D:3      | XOM: noise
  1200 | D:3      | XOM: enchant monster (good)
  1315 | D:3      | Noticed Robin
  1317 | D:3      | XOM: confuse monster(s)
  1353 | D:3      | Killed Robin
  1353 | D:3      | Reached skill level 4 in Fighting
  1630 | D:3      | Found a runed gate.
  1630 | D:3      | Found a runed gate.
  1630 | D:3      | Found a runed gate.
  1630 | D:3      | Noticed mopl's ghost (amateur DsFi)
  1659 | D:3      | Reached XP level 5. HP: 23/42 MP: 5/5
  1659 | D:3      | XOM: summons 3 friendly demons
  1694 | D:3      | XOM: summons 5 friendly demons
  1700 | D:3      | Killed mopl's ghost
  1773 | D:3      | Found a glowing golden altar of the Shining One.
  1916 | D:4      | XOM: mild Tmut miscast
  1926 | D:4      | XOM: cleaving
  1936 | D:4      | Gained mutation: You have sharp fingernails. [demonic
                  | ancestry]
  1936 | D:4      | Reached XP level 6. HP: 28/49 MP: 6/6
  2034 | D:4      | XOM: noise
  2060 | D:4      | XOM: smoke on damage
  2114 | D:4      | Found a sand-covered staircase.
  2139 | Ossuary  | Entered an ossuary
  2390 | Ossuary  | Reached skill level 5 in Fighting
  2687 | Ossuary  | Noticed a flying skull
  2687 | Ossuary  | Noticed a wraith
  2698 | Ossuary  | Noticed a flying skull
  2728 | Ossuary  | Noticed a wraith
  2746 | Ossuary  | Gained mutation: Armour fits poorly on your strangely
                  | shaped body. [potion of mutation]
  2746 | Ossuary  | Gained mutation: Your flesh is cold resistant. (rC+)
                  | [potion of mutation]
  2747 | Ossuary  | HP: 3/76 [wraith (3)]
  2751 | Ossuary  | XOM: potion effect (might)
  2753 | Ossuary  | XOM: cleaving
  2755 | Ossuary  | XOM: cleaving
  2758 | Ossuary  | Killed a wraith
  2758 | Ossuary  | Reached XP level 7. HP: 20/56 MP: 7/7
  2824 | Ossuary  | Noticed a wraith
  2835 | Ossuary  | XOM: god gift: iron wand {god gift}
  2838 | Ossuary  | XOM: scenery: create altars
  2845 | Ossuary  | HP: 1/56 [wraith (5)]
  2847 | Ossuary  | Lost mutation: Your flesh is cold resistant. (rC+) [potion
                  | of mutation]
  2847 | Ossuary  | Lost mutation: Armour fits poorly on your strangely shaped
                  | body. [potion of mutation]
  2847 | Ossuary  | Gained mutation: You expend magic power (3 MP) to
                  | strengthen your wands. [potion of mutation]
  2847 | Ossuary  | Gained mutation: You have a pair of small horns on your
                  | head. [potion of mutation]
  2847 | Ossuary  | Gained mutation: Your body sometimes deteriorates upon
                  | taking damage. [potion of mutation]
  2847 | Ossuary  | Gained mutation: You are somewhat resistant to further
                  | mutation. [potion of mutation]
  2847 | Ossuary  | Xom revived you
  2851 | Ossuary  | Killed a wraith
  2880 | Ossuary  | Noticed a flying skull
  2896 | Ossuary  | XOM: summons friendly ufetubus
  2947 | Ossuary  | XOM: fog
  3085 | D:4      | XOM: god gift: ichor-stained hunting sling {god gift}
  3086 | D:4      | Got an ichor-stained hunting sling {god gift}
  3087 | D:4      | Identified the +1 hunting sling "Aseumy" {chaos, rElec rF+
                  | rC- Stlth+} (Xom gifted it to you on level 4 of the
                  | Dungeon)
  3101 | D:4      | XOM: divination: detect creatures
  3265 | D:4      | XOM: medium Hex miscast
  3292 | D:4      | XOM: 1-stop teleportation journey
  3363 | D:4      | XOM: cloud trail
  3377 | D:5      | Entered Level 5 of the Dungeon
  3474 | D:5      | Got a tattered robe
  3485 | D:5      | Identified the +0 robe "Heuny" {rPois rN+ Regen+} (You
                  | found it on level 5 of the Dungeon)
  3844 | D:5      | XOM: summons 7 friendly demons
  4130 | D:5      | XOM: god gift: wand of enslavement (8)
  4187 | D:6      | Reached skill level 1 in Slings
  4346 | D:6      | Reached skill level 6 in Fighting
  4346 | D:6      | Gained mutation: You are surrounded by a moderate repulsion
                  | field. (EV +3) [demonic ancestry]
  4346 | D:6      | Reached XP level 8. HP: 60/64 MP: 8/8
  4361 | D:6      | XOM: scenery: create altars
  4363 | D:6      | Reached skill level 5 in Armour
  4538 | D:6      | XOM: 5-stop teleportation journey
  4729 | D:6      | XOM: 1-stop teleportation journey
  4862 | D:6      | XOM: summons 4 hostile demons
  4885 | D:6      | XOM: god gift: 18 arrows
  4938 | D:7      | Found Iroothet's Assorted Antiques.
  4961 | D:7      | XOM: divine lightning
  5018 | D:7      | Reached skill level 5 in Dodging
  5055 | D:7      | XOM: 2-stop teleportation journey
  5104 | D:7      | XOM: fog
  5131 | D:7      | XOM: scenery: create altars
  5133 | D:7      | XOM: butterfly on damage
  5140 | D:7      | XOM: harmless Erth miscast
  5157 | D:7      | XOM: polymorph orc warrior -> naga
  5167 | D:7      | XOM: polymorph orc wizard -> jelly
  5299 | D:8      | Noticed a hippogriff
  5302 | D:8      | Noticed a cyclops
  5302 | D:8      | a hippogriff changed into a cyclops
  5302 | D:8      | XOM: polymorph hippogriff -> cyclops
  5306 | D:8      | XOM: enchant monster (good)
  5323 | D:8      | Killed a cyclops
  5323 | D:8      | Reached XP level 9. HP: 58/71 MP: 9/9
  5339 | D:8      | Reached skill level 5 in Unarmed Combat
  5443 | D:8      | XOM: swap monsters
  5444 | D:8      | XOM: smoke on damage
  5461 | D:8      | XOM: butterfly on damage
  5470 | D:8      | Slain by a wyvern

Vault maps used:
D:1:      scummos_arrival_forest, minmay_hexomino_r4
D:2:      first_ration, uniq_terence
D:3:      tso_altar, gammafunk_ghost_necromancy, uniq_robin
D:4:      lightli_ossuary_entry_decrepit_ruins
D:5:      nrook_mini_backslash
D:7:      minmay_temple_entry_junction_2, serial_shops, shop
D:8:      hangedman_little_slice_of_home
Ossuary:  ossuary_due_cavern

Skill      XL: |  1  2  3  4  5  6  7  8  9 |
---------------+----------------------------+-----
Dodging        | 1 2 3 4 5 |  5.5
Armour         | 2 3 4 5 |  5.7
Fighting       | 4 5 6 |  6.8
Unarmed Combat | 3 4 5 |  5.1
Slings         | 1 2 |  2.9

Action                   |  1- 3 |  4- 6 |  7- 9 || total
-------------------------+-------+-------+-------++-------
Melee: Unarmed           |   201 |   393 |   391 ||   985
       Punch             |     1 |     2 |     4 ||     7
       Headbutt          |       |       |    48 ||    48
Evoke: Wand              |       |       |     4 ||     4
  Use: Potion            |       |     9 |     8 ||    17
       Scroll            |       |    10 |     3 ||    13
 Stab: Paralysed         |       |     3 |       ||     3
       Sleeping          |       |     1 |       ||     1
       Petrified         |       |       |    11 ||    11
       Petrifying        |       |       |     1 ||     1
  Eat: Chunk             |       |     5 |    19 ||    24
       Ration            |       |     1 |       ||     1
Armor: Leather armour    |   118 |    96 |    18 ||   232
       Skin              |       |    13 |       ||    13
       Robe              |       |       |    55 ||    55
Dodge: Dodged            |   152 |   273 |   323 ||   748

Table legend:
 A = Non-vault XP
 B = Vault XP
 C = Vault XP percentage of total XP
 D = Non-vault monster count
 E = Vault monster count
 F = Vault count percentage of total count
                 A         B        C        D         E       F
            +---------+---------+-------+---------+---------+-------
      Total |    2308 |     779 |  25.2 |     119 |      30 |  20.1
            +---------+---------+-------+---------+---------+-------
        D:1 |      27 |       5 |  15.6 |      17 |       3 |  15.0
        D:2 |      42 |      36 |  46.2 |      14 |       1 |   6.7
        D:3 |      48 |     194 |  80.2 |      15 |      15 |  50.0
        D:4 |     251 |       0 |   0.0 |      19 |       0 |   0.0
        D:5 |     187 |       0 |   0.0 |      14 |       0 |   0.0
        D:6 |     400 |       0 |   0.0 |      11 |       0 |   0.0
        D:7 |     481 |       0 |   0.0 |      17 |       0 |   0.0
        D:8 |     872 |       0 |   0.0 |      12 |       0 |   0.0
    Ossuary |       0 |     544 | 100.0 |       0 |      11 | 100.0
            +---------+---------+-------+---------+---------+-------
